 Dungeon Crawl Stone Soup version 0.29-a0-284-gf9362112df (webtiles) character file.

Game seed: 8558344374120473429

94297 snetch the Severer (level 15, -3/205 (214) HPs)
             Began as a Minotaur Berserker on Mar 9, 2022.
             Was a High Priest of Trog.
             Slain by an orc knight
             ... wielding a +0 long sword
              (19 damage)
             ... on level 2 of the Orcish Mines on Mar 16, 2022.
             The game lasted 01:26:14 (29295 turns).

snetch the Severer (Minotaur Berserker)            Turns: 29295, Time: 01:26:15

HP:   -3/205 (214)  AC: 26    Str: 30    XL:     15   Next: 63%
MP:   14/14         EV: 12    Int:  7    God:    Trog [*****.]
Gold: 1932          SH:  0    Dex: 12    Spells: 14/14 levels left

rFire   + . .      SeeInvis .   a - +3 battleaxe (drain)
rCold   . . .      Faith    +   (shield currently unavailable)
rNeg    . . .      Spirit   .   W - +4 plate armour {rF+}
rPois   .          Reflect  .   T - +2 hat {Will+}
rElec   .          Harm     .   P - +2 cloak of the Dowdy God {*Corrode +Inv Int+3}
rCorr   +          Rampage  .   h - +0 pair of gloves {Dex+3}
Will    ++++.                   (no boots)
Stlth   ..........              K - amulet of faith
HPRegen 1.44/turn               i - ring of resist corrosion
MPRegen 0.14/turn               S - ring of flight

@: berserking, strong-willed, flying, regenerating, studying Short Blades,
lightly drained, very quick
A: horns 2, retaliatory headbutt
a: Renounce Religion, Evoke Invisibility, Berserk, Trog's Hand, Brothers in Arms


You were on level 2 of the Orcish Mines.
You worshipped Trog.
Trog was extremely pleased with you.
You visited 4 branches of the dungeon, and saw 24 of its levels.
You also visited: Volcano.

You collected 2239 gold pieces.
You spent 307 gold pieces at shops.

Inventory:

Hand Weapons
 a - a +3 battleaxe of draining (weapon)
 b - the +6 flail of the Jolly Deaths {vorpal, rElec rPois rC- Dex+2}
   (You found it on level 3 of the Dungeon)

   It inflicts extra damage upon your enemies.
   Dex:       It affects your dexterity (+2).
   rC:        It makes you vulnerable to cold.
   rElec:     It insulates you from electricity.
   rPois:     It protects you from poison.
 c - a +2 trident of venom
 d - a +2 great sword of flaming
Missiles
 l - 11 boomerangs (quivered)
 v - 701 stones
 y - 2 silver boomerangs
 A - a boomerang of dispersal
 H - a throwing net
 O - 4 curare-tipped darts
 R - 6 atropa-tipped darts
 U - 13 javelins
Armour
 h - a +0 pair of gloves of dexterity (worn)
 P - the +2 cloak of the Dowdy God (worn) {*Corrode +Inv Int+3}
   (You found it on level 7 of the Dungeon)

   Int:       It affects your intelligence (+3).
   +Inv:      It lets you turn invisible.
   *Corrode:  It may corrode you when you take damage.
 T - a +2 hat of willpower (worn)
 W - a +4 plate armour of fire resistance (worn)
Jewellery
 i - a ring of resist corrosion (left hand)
 K - an amulet of faith (around neck)
 S - a ring of flight (right hand)
Wands
 B - a wand of paralysis (5)
 D - a wand of flame (9)
 J - a wand of iceblast (12)
 Q - a wand of mindburst (8)
Scrolls
 f - 7 scrolls of enchant armour {unknown}
 g - 4 scrolls of fear {unknown}
 q - 8 scrolls of teleportation
 r - 3 scrolls of magic mapping {unknown}
 s - 2 scrolls of vulnerability
 u - a scroll of holy word
 w - 5 scrolls of torment {unknown}
 E - 3 scrolls of fog
 M - a scroll of silence
 V - 2 scrolls of amnesia {unknown}
 X - 2 scrolls of immolation
 Y - 2 scrolls of blinking {unknown}
Potions
 j - 4 potions of brilliance {unknown}
 m - 5 potions of heal wounds
 n - 4 potions of ambrosia
 p - 2 potions of haste
 t - 2 potions of resistance
 x - 4 potions of might
 z - 3 potions of lignification
 C - 5 potions of flight {unknown}
 F - 2 potions of invisibility
 G - 5 potions of attraction {unknown}
 I - 3 potions of cancellation
 N - 18 potions of curing
 Z - 2 potions of mutation
Miscellaneous
 e - a box of beasts
 o - a phial of floods


   Skills:
 + Level 15.8 Fighting
 + Level 17.2(18.9) Axes
 - Level 13.2(16.9) Maces & Flails
 + Level 8.3 Throwing
 + Level 12.7 Armour
 + Level 10.5 Dodging
 + Level 7.2 Stealth
 + Level 1.3 Evocations


You had 14 spell levels left.
You didn't know any spells.
Your spell library contained the following spells:

 Spells                   Type           Power      Damage    Failure   Level
 Animate Skeleton         Necr           0%         N/A       96%         1
 Beastly Appendage        Tmut           0%         N/A       96%         1
 Foxfire                  Conj/Fire      0%         2x1d4     96%         1
 Magic Dart               Conj           0%         1d3       96%         1
 Pain                     Necr           0%         1d4       96%         1
 Slow                     Hex            0%         N/A       96%         1
 Call Imp                 Summ           0%         N/A       99%         2
 Ensorcelled Hibernation  Hex/Ice        0%         N/A       99%         2
 Passwall                 Tmut/Erth      0%         N/A       99%         2
 Call Canine Familiar     Summ           0%         N/A       100%        3
 Confusing Touch          Hex            0%         N/A       100%        3
 Conjure Flame            Conj/Fire      0%         6-21      100%        3
 Inner Flame              Hex/Fire       0%         N/A       100%        3
 Mephitic Cloud           Conj/Pois/Air  0%         N/A       100%        3
 Portal Projectile        Hex/Tloc       0%         N/A       100%        3
 Spider Form              Tmut/Pois      0%         N/A       100%        3
 Tukima's Dance           Hex            0%         N/A       100%        3
 Vampiric Draining        Necr           0%         2d6       100%        3
 Anguish                  Hex/Necr       0%         N/A       100%        4
 Animate Dead             Necr           0%         N/A       100%        4
 Flame Wave               Conj/Fire      0%         2d4       100%        4
 Hailstorm                Conj/Ice       0%         3d3       100%        4
 Ice Form                 Ice/Tmut       0%         N/A       100%        4
 Leda's Liquefaction      Hex/Erth       0%         N/A       100%        4
 Passage of Golubria      Tloc           0%         N/A       100%        4
 Borgnjor's Vile Clutch   Necr/Erth      0%         N/A       100%        5
 Fireball                 Conj/Fire      0%         3d3       100%        5
 Irradiate                Conj/Tmut      0%         3d13      100%        5
 Yara's Violent Unravell  Hex/Tmut       0%         3d3       100%        5
 Death Channel            Necr           0%         N/A       100%        6
 Simulacrum               Ice/Necr       0%         N/A       100%        6
 Starburst                Conj/Fire      0%         6d3       100%        6
 Statue Form              Tmut/Erth      0%         N/A       100%        6
 Enfeeble                 Hex            0%         N/A       100%        7
 Borgnjor's Revivificati  Necr           0%         N/A       100%        8
 Ignition                 Fire           0%         3d3       100%        8
 Necromutation            Tmut/Necr      0%         N/A       100%        8
 Death's Door             Necr           0%         N/A       100%        9


Dungeon Overview and Level Annotations

Branches:
Dungeon (15/15)            Temple (1/1) D:6            Lair (6/6) D:9
 Shoals (0/4) Lair:4       Spider (0/4) Lair:3        Slime (0/5) Lair:6
    Orc (2/2) D:12         Vaults (0/5) D:13         Depths (0/4) D:15
Volcano (visited)
    Elf: Orc:2

Altars:
Ashenzari
Cheibriados
Dithmenos
Elyvilon
Fedhas
Gozag
Hepliaklqana
Kikubaaqudgha
Makhleb
Nemelex Xobeh
Okawaru
Qazlal
Ru
Sif Muna
Trog
Uskayaw
Vehumet
Wu Jian
Xom
Yredelemnul
Zin
The Shining One

Shops:
D:5 [   D:13 :?:!   D:15 [


Innate Abilities, Weirdness & Mutations

You have a pair of horns on your head.
You reflexively headbutt those who attack you in melee.


Message History

Your ogre dies!
Your ogre's corpse disappears in a puff of smoke!
Your troll closely misses the orc high priest.
Your troll claws the orc high priest!
The orc high priest dies!
Trog accepts your kill.
The orc sorcerer casts a spell.
Send 'em back where they came from!
Trog shields your ally from puny magic!
You slash the orc warlord! You drain the orc warlord.
The orc warlord is severely wounded.
Your troll closely misses the orc warlord.
Your troll claws the orc warlord but does no damage.
Your troll claws the orc warlord.
Unknown command.
You slash the orc warlord! You drain the orc warlord.
You headbutt the orc warlord.
The orc warlord is almost dead.
Your troll bites the orc warlord but does no damage.
Your troll claws the orc warlord!
The orc warlord dies!
Trog accepts your kill.
The orc knight shoots a bolt.
The bolt hits your troll!!
Your troll dies!
Your troll's corpse disappears in a puff of smoke!
The ogre barely misses you. You furiously retaliate!
You headbutt the ogre!
The orc priest hits you but does no damage.
The orc sorcerer hits you but does no damage.
The orc knight unwields a +0 arbalest.
The orc knight wields a +0 long sword.
The orc knight hits you with a +0 long sword!
* * * LOW HITPOINT WARNING * * *
Items here: )))) [[ †.
A red film seems to cover your vision as you go berserk!
You feel yourself moving faster!
You feel mighty! The orc priest barely misses you.
The orc sorcerer points at you and mumbles some strange words.
The bolt of negative energy hits you!!
You feel drained.
* * * LOW HITPOINT WARNING * * *
The orc knight hits you with a +0 long sword!!
You die...

.. ##..................
.... .............)..#..
....#####........)........
....).8........<.)........
......)))).....).)........
......))))..)..#).).).....
......))oO......).)...)...
......8.oOo)...........#..
....#####@o.......[.#.###.
... #..§.....#.....#.###
.. ##..#.......).#...# .
##............#.###
#..............#.#
#.................
###..............#.#
#...#.............##
##.#)).............#


You could see an orc knight (strong), an orc sorcerer (strong), 2 ogres, an orc
priest (strong) and an orc (strong).

Vanquished Creatures
  Roxanne (D:15)
  Louise (D:14)
  The ghost of Zyimamich the Blocker, a journeyman GrFi of the Shining One (D:14)
  2 catoblepae
  An ogre mage (D:13)
  5 hydras
  2 boulder beetles (D:13)
  7 two-headed ogres
  A merfolk avatar (Lair:6)
  A tengu warrior (D:10)
  Urug (Lair:1)
  9 skeletal warriors
  A sea snake (Lair:6)
  A flayed ghost (D:12)
  2 wizards (D:13)
  3 orc knights (Orc:2)
  4 deep elf pyromancers (D:13)
  A lindwurm (Lair:4)
  2 harpies (Lair:6)
  4 orc sorcerers
  A shining eye (shapeshifter) (D:15)
  2 cyclopes
  A wolf spider (D:15)
  6 manticores
  11 elephants
  2 ugly things (D:13)
  An ice statue (D:11)
  A guardian serpent (shapeshifter) (D:15)
  2 black mambas
  A naga mage (D:15)
  3 gargoyles
  A rime drake (shapeshifter) (D:15)
  12 cane toads
  A torpor snail (Lair:6)
  Psyche (D:8)
  2 unseen horrors (D:11)
  The ghost of Esekla the Sneak, a novice OpDe (D:6)
  5 rime drakes
  2 efreet
  12 komodo dragons
  2 hornets
  A queen bee (Lair:1)
  Prince Ribbit (D:8)
  2 burning bushes (Lair:3)
  13 trolls
  4 polar bears
  Grinder (D:5)
  19 blink frogs
  20 slime creatures
  3 water elementals (D:12)
  4 shadows
  3 wraiths
  5 wyverns
  62 yaks
  Eustachio (D:6)
  3 fire elementals
  5 basilisks
  5 vampire mosquitoes
  2 redbacks (Lair:3)
  A steam dragon (D:8)
  A warg (Orc:1)
  3 acid dragons
  15 water moccasins
  15 orc warriors
  4 black bears
  2 sky beasts
  5 ice beasts
  A hornet zombie (D:7)
  9 ogres
  15 centaurs
  6 wolves (Lair:3)
  2 phantoms
  15 bullfrogs
  Blork the orc (Orc:2)
  A gnoll sergeant (D:6)
  4 necrophages
  3 scorpions
  8 wights (D:8)
  22 killer bees
  An electric eel (D:12)
  7 howler monkeys
  3 hounds
  4 quasits (D:6)
  A human zombie (D:7)
  A gnoll shaman (D:10)
  3 iguanas
  19 orc priests
  5 jellies
  19 orc wizards
  2 killer bee zombies (D:7)
  3 mummies (D:7)
  2 howler monkey zombies (D:7)
  9 adders
  7 gnolls
  2 white imps
  3 ufetubi
  3 worms
  4 dart slugs
  55 orcs
  4 endoplasms
  5 giant cockroaches
  9 goblins
  6 hobgoblins
  5 jackals
  4 kobolds
  3 quokkas
  6 ball pythons
  7 bats
  2 frilled lizards (D:1)
  8 rats
619 creatures vanquished.

Vanquished Creatures (collateral kills)
  Rupert (D:12)
  Gastronok (D:12)
  2 orc warlords
  A two-headed ogre (D:11)
  An orc high priest (Orc:2)
  3 skeletal warriors
  A manticore (Lair:6)
  A cane toad (Lair:6)
  A rime drake (Lair:6)
  A komodo dragon (Lair:6)
  3 yaks (Lair:4)
  2 wyverns (Lair:6)
  A steam dragon (Lair:6)
  A vampire mosquito (D:11)
  3 orc warriors
  A howler monkey (D:9)
  An orc wizard (D:11)
  3 orcs (Orc:2)
28 creatures vanquished.

Vanquished Creatures (others)
  A centaur (D:13)
  20 fungi
  48 plants
69 creatures vanquished.

Grand Total: 716 creatures vanquished

Notes
Turn   | Place    | Note
-------+----------+-------------------------------------------
     0 | D:1      | snetch the Minotaur Berserker began the quest for the Orb.
     0 | D:1      | Reached XP level 1. HP: 19/19 MP: 0/0
    69 | D:1      | Reached XP level 2. HP: 24/27 MP: 1/1
    76 | D:1      | Reached skill level 4 in Axes
   346 | D:1      | Reached XP level 3. HP: 23/34 MP: 2/2
   479 | D:1      | Reached ** piety under Trog
  1285 | D:2      | Reached XP level 4. HP: 41/41 MP: 3/3
  1294 | D:3      | Noticed a scorpion
  1301 | D:3      | Killed a scorpion
  1302 | D:3      | Reached skill level 5 in Axes
  1302 | D:3      | Reached skill level 1 in Throwing
  1328 | D:3      | Found a faded altar of an unknown god.
  1387 | D:2      | Reached XP level 5. HP: 42/47 MP: 4/4
  1466 | D:2      | Found a bloodstained altar of Trog.
  1503 | D:3      | Found a stormy altar of Qazlal.
  2121 | D:3      | Noticed a phantom
  2130 | D:3      | Killed a phantom
  2131 | D:3      | Reached XP level 6. HP: 26/55 MP: 5/5
  2409 | D:3      | Reached *** piety under Trog
  2438 | D:3      | Identified the +6 flail of the Jolly Deaths {vorpal, rElec
                  | rPois rC- Dex+2}
  2904 | D:4      | Identified the +3 leather armour of Fashionability {+Blink
                  | rC+ rCorr}
  2979 | D:4      | Found a burning altar of Makhleb.
  2981 | D:4      | Reached skill level 6 in Axes
  3175 | D:5      | Entered Level 5 of the Dungeon
  3183 | D:5      | Reached skill level 5 in Fighting
  3286 | D:5      | Found Ylitaaff's Armour Shop.
  3538 | D:5      | Reached skill level 1 in Maces & Flails
  3617 | D:5      | Noticed Grinder
  3622 | D:5      | Paralysed by Grinder for 7 turns
  3631 | D:5      | Killed Grinder
  3632 | D:5      | Reached skill level 5 in Armour
  3632 | D:5      | Reached XP level 7. HP: 61/61 MP: 6/6
  3651 | D:6      | Noticed a komodo dragon
  3787 | D:5      | Killed a komodo dragon
  3788 | D:5      | Reached skill level 7 in Axes
  3788 | D:5      | Reached XP level 8. HP: 69/69 MP: 7/7
  3857 | D:6      | Found a staircase to the Ecumenical Temple.
  4063 | D:5      | Identified the +7 dagger of Linearity {vorpal, Str+2 Dex+6}
  4162 | D:5      | Found a sacrificial altar of Ru.
  4170 | D:5      | Reached skill level 5 in Maces & Flails
  4229 | D:5      | Noticed a troll
  4237 | D:5      | Killed a troll
  4238 | D:5      | Reached skill level 1 in Stealth
  4682 | D:6      | Reached XP level 9. HP: 46/78 MP: 8/8
  4687 | D:6      | Reached **** piety under Trog
  4825 | D:6      | Noticed Esekla's ghost (novice OpDe)
  4905 | D:6      | Found a transporter.
  4934 | D:6      | Noticed Eustachio
  4951 | D:6      | Killed Eustachio
  5147 | D:6      | Found a transporter.
  5242 | Temple   | Entered the Ecumenical Temple
  5338 | D:6      | Reached skill level 5 in Dodging
  5338 | D:6      | Killed Esekla's ghost
  5741 | D:7      | Found a shimmering blue altar of Sif Muna.
  6286 | D:7      | Identified the +2 cloak of the Dowdy God {*Corrode +Inv
                  | Int+3}
  6676 | D:7      | Reached XP level 10. HP: 88/88 MP: 9/9
  6678 | D:7      | Found an ancient bone altar of Kikubaaqudgha.
  6687 | D:7      | Reached skill level 10 in Maces & Flails
  6776 | D:8      | Noticed Prince Ribbit
  6787 | D:8      | Killed Prince Ribbit
  6837 | D:8      | Noticed Psyche
  7026 | D:8      | Killed Psyche
  7098 | D:8      | Reached ***** piety under Trog
  7670 | D:8      | Found an ornate altar of the Wu Jian Council.
  7672 | D:8      | Found a sparkling altar of Nemelex Xobeh.
  7802 | D:8      | Found a hazy altar of Hepliaklqana.
  7998 | D:8      | Found a snail-covered altar of Cheibriados.
  8000 | D:8      | Found an iron altar of Okawaru.
  8077 | D:9      | Reached skill level 5 in Throwing
  8162 | D:9      | Noticed a two-headed ogre
  8172 | D:9      | Killed a two-headed ogre
  8592 | D:9      | Found a staircase to the Lair.
  8707 | D:9      | Paralysed by a hornet for 2 turns
  8900 | D:10     | Entered Level 10 of the Dungeon
  9310 | D:9      | Noticed a two-headed ogre
  9318 | D:9      | Killed a two-headed ogre
  9319 | D:9      | Reached XP level 11. HP: 65/95 MP: 10/10
  9675 | D:10     | Found a blossoming altar of Fedhas.
  9680 | D:10     | Found a radiant altar of Vehumet.
 11368 | D:11     | Reached skill level 5 in Stealth
 11380 | D:11     | Reached skill level 1 in Evocations
 11389 | D:11     | Noticed a two-headed ogre
 11391 | D:11     | Noticed a tengu warrior
 11393 | D:11     | Noticed a two-headed ogre
 11394 | D:11     | Noticed an orc warlord
 11722 | D:11     | Reached skill level 10 in Fighting
 12150 | D:10     | Killed a tengu warrior
 12151 | D:10     | Reached XP level 12. HP: 107/107 MP: 11/11
 12221 | D:11     | Killed an orc warlord
 12223 | D:11     | Killed a two-headed ogre
 12508 | D:11     | Killed a two-headed ogre
 12951 | D:11     | Noticed a two-headed ogre
 12961 | D:11     | Killed a two-headed ogre
 13636 | D:12     | Noticed a two-headed ogre
 13648 | D:12     | Found a staircase to the Orcish Mines.
 13654 | D:12     | Killed a two-headed ogre
 13662 | D:12     | Received a gift from Trog
 13848 | D:12     | Noticed Rupert
 13855 | D:12     | Killed Rupert
 13871 | D:12     | Noticed Gastronok
 13877 | D:12     | Killed Gastronok
 13878 | D:12     | Reached skill level 10 in Dodging
 14038 | D:12     | Noticed a six-headed hydra
 14050 | D:12     | Killed a six-headed hydra
 14234 | D:13     | Noticed a two-headed ogre
 14234 | D:13     | Noticed a two-headed ogre
 14234 | D:13     | Found a gate to the Vaults.
 14246 | D:13     | Noticed an ogre mage
 14248 | D:13     | Reached skill level 8 in Axes
 14252 | D:13     | Killed an ogre mage
 14253 | D:13     | Reached XP level 13. HP: 87/119 MP: 12/12
 15004 | D:12     | Identified the +1 chain mail of Yredelemnul's Fury {Stlth+}
 15597 | D:13     | Reached skill level 9 in Axes
 16311 | D:13     | Found Yniexzekur's Magic Scroll Boutique.
 16311 | D:13     | Found Zuwnud's Book Boutique.
 16311 | D:13     | Found Suosell's Book Boutique.
 16321 | D:13     | Reached skill level 10 in Axes
 16325 | D:13     | Found Houssirro's Distillery.
 16335 | D:13     | Bought a scroll of teleportation for 48 gold pieces
 16335 | D:13     | Bought a scroll of identify for 32 gold pieces
 16359 | D:13     | Bought a scroll of fog for 32 gold pieces
 16362 | D:13     | Bought a potion of haste for 130 gold pieces
 16362 | D:13     | Bought a potion of heal wounds for 65 gold pieces
 16847 | D:13     | Reached skill level 11 in Axes
 17149 | D:15     | Entered Level 15 of the Dungeon
 17151 | D:15     | Found Bengistro's Antique Armour Shoppe.
 17641 | D:14     | Reached skill level 12 in Axes
 17972 | D:14     | Found a runed translucent gate.
 17973 | D:14     | Found a runed translucent gate.
 17973 | D:14     | Found a runed translucent gate.
 17973 | D:14     | Noticed Zyimamich's ghost (journeyman GrFi)
 18090 | D:15     | Received a gift from Trog
 18348 | D:14     | Noticed Louise
 18363 | D:14     | Killed Louise
 19294 | D:15     | Reached XP level 14. HP: 132/132 MP: 13/13
 19309 | D:15     | Reached skill level 10 in Armour
 19448 | D:15     | Found a staircase to the Depths.
 19646 | D:15     | Identified the +0 ring mail "Fuxeurouh" {rPois Int-3 Dex+7}
 19821 | D:15     | Identified Roxanne's Catalogue of Changing
 19821 | D:15     | Noticed Roxanne
 19845 | D:15     | Killed Roxanne
 20154 | D:14     | Killed Zyimamich's ghost
 20155 | D:14     | Reached skill level 13 in Axes
 20417 | Lair:1   | Entered Level 1 of the Lair of Beasts
 20579 | Lair:1   | Noticed Urug
 20591 | Lair:1   | Killed Urug
 21845 | Lair:2   | Reached skill level 14 in Axes
 22082 | Lair:3   | Found a hole to the Spider Nest.
 22470 | Lair:2   | You fall into a shaft and drop 2 floors!
 23321 | Lair:3   | Reached skill level 15 in Fighting
 23370 | Lair:3   | Reached skill level 15 in Axes
 25071 | Lair:4   | Found a staircase to the Shoals.
 25662 | Lair:6   | Entered Level 6 of the Lair of Beasts
 25727 | Lair:6   | Found a staircase to the Slime Pits.
 25780 | Lair:6   | Reached XP level 15. HP: 91/141 MP: 14/14
 25801 | Lair:6   | Reached skill level 16 in Axes
 25825 | Lair:6   | Found a dark tunnel.
 25836 | Volcano  | Entered a volcano
 25844 | Volcano  | Upgraded the game from 0.29-a0-275-g389c0b56f3 to
                  | 0.29-a0-284-gf9362112df
 26425 | Lair:6   | Identified the +4 robe "Iklares" {rPois rC+ Int+6}
 26636 | Lair:6   | Received a gift from Trog
 28355 | Orc:1    | Entered Level 1 of the Orcish Mines
 28548 | Orc:1    | Reached skill level 17 in Axes
 29036 | Orc:2    | Entered Level 2 of the Orcish Mines
 29257 | Orc:2    | Noticed Blork the orc
 29262 | Orc:2    | Noticed an orc warlord
 29264 | Orc:2    | Killed Blork the orc
 29293 | Orc:2    | Killed an orc warlord
 29295 | Orc:2    | Slain by an orc knight

Illustrated notes

Levels and vault maps discovered:
D:1:      dpeg_arrival_concentric_ovals, layout_rooms
D:2:      layout_loops_ring, basic_altar
D:3:      layout_rooms, nicolae_qazlal_scattered_showers,
          hellmonk_ecumenical_altar_arch_garden
D:4:      layout_loops_cross, lemuel_round_altar, kennysheep_minor_cross
D:5:      layout_rooms, mainiacjoe_overflow_six_doors_small, serial_shops,
          nicolae_shop_behind_doors, serial_glass, glass_columns_a,
          glass_columns_b, glass_columns_a, glass_columns_a, glass_columns_a,
          uniq_grinder
D:6:      layout_rooms, temple_statues, gammafunk_ghost_stat_death,
          minmay_manual_mess, uniq_eustachio
D:7:      layout_basic, lemuel_mausoleum_altar_kikubaaqudgha,
          nicolae_sif_muna_little_library
D:8:      layout_loops_ring, nicolae_overflow_hidden_temple,
          nicolae_hepliaklqana_hippocampus, uniq_prince_ribbit1, uniq_psyche
D:9:      layout_loops_ring, david_lair_generic, st_stairs_9,
          minmay_misc_feat_five, nicolae_two_hexagons
D:10:     layout_roguey, mainiacjoe_overflow_big_doors, solitary_fountain
D:11:     layout_rooms, nzn_random_ring
D:12:     layout_stronghold, orc_0_dummy, chequers_serial_rivers_micro_b,
          kennysheep_island_fort, uniq_gastronok, uniq_rupert
D:13:     cheibrodos_lost_city_excavation, layout_cave_pools, david_vaults_2,
          nicolae_twisting_strands, minmay_shop_grid_forest,
          grunt_ministairs_13, amcnicky_mini_pool_small
D:14:     layout_basic, chequers_serial_rivers_marsh, ebering_ghost_rock_garden,
          uniq_louise
D:15:     hangedman_depths_entry_try_elsewhere_first, layout_loops_ring,
          serial_shops, shop_fountains, uniq_roxanne
Temple:   eino_temple_lava
Lair:1:   layout_gridlike, special_room [special_room_bee], lemuel_fruit_fields,
          serial_bayou_shore_b, uniq_urug
Lair:2:   layout_cave_pods, grunt_forest_small_clearings
Lair:3:   layout_misc_corridors, spider_nest_entry_webs, evilmike_ambush
          [evilmike_ambush_outer_basic, evilmike_ambush_inner_wall_2],
          grunt_megastairs_2
Lair:4:   layout_regular_city, minmay_shoals_entry_centaurs,
          infiniplex_staircase_pool_2
Lair:5:   layout_long_grid, lemuel_fruit_tree
Lair:6:   gammafunk_lair_ancient_temple, layout_regular_city,
          minmay_slime_entry_pillars, lightli_volcano_entry_magma_tube
Orc:1:    layout_caves, basic_altar, nicolae_orc_damp_corner
Orc:2:    grunt_orc_cross, layout_caves, serial_shops, nicolae_shop_stone

Skill      XL: |  1  2  3  4  5  6  7  8  9 10 11 12 13 14 15 |
---------------+----------------------------------------------+-----
Fighting       | 4 5 6 7 8 10 12 14 15 | 15.8
Axes           | 4 5 6 7 8 12 15 17 | 17.2
Armour         | 3 4 5 6 7 8 9 11 12 | 12.7
Throwing       | 1 2 3 5 7 8 |  8.3
Dodging        | 3 4 6 8 10 | 10.5
Maces & Flails | 2 3 7 9 11 13 | 13.2
Stealth        | 1 2 4 5 6 7 |  7.2
Evocations     | 1 |  1.3

Action                   |  1- 3 |  4- 6 |  7- 9 | 10-12 | 13-15 || total
-------------------------+-------+-------+-------+-------+-------++-------
Melee: Hand axe          |    65 |     4 |       |       |       ||    69
       Headbutt          |    10 |    19 |    25 |    96 |   197 ||   347
       War axe           |       |    29 |       |     7 |       ||    36
       Broad axe         |       |    22 |       |       |       ||    22
       Flail             |       |    29 |   152 |   383 |    46 ||   610
       Punch             |       |       |     2 |     4 |     1 ||     7
       Trident           |       |       |       |     1 |       ||     1
       Battleaxe         |       |       |       |    21 |   719 ||   740
       Scimitar          |       |       |       |       |    13 ||    13
       Great sword       |       |       |       |       |     6 ||     6
 Fire: Shortbow          |       |       |       |       |     1 ||     1
Throw: Stone             |    47 |    13 |    27 |    39 |    12 ||   138
       Dart              |       |       |     9 |    26 |    22 ||    57
       Boomerang         |       |       |     1 |     6 |   122 ||   129
Invok: Berserk           |       |     1 |     2 |     1 |     6 ||    10
       Trog's Hand       |       |       |     1 |     3 |    10 ||    14
       Brothers in Arms  |       |       |       |     4 |     8 ||    12
 Abil: Evoke Invisibilit |       |       |       |     1 |       ||     1
  Use: Scroll            |       |       |       |       |    19 ||    19
       Potion            |       |       |       |       |     2 ||     2
 Stab: Sleeping          |       |       |     1 |     7 |       ||     8
       Invisible         |       |       |       |     7 |       ||     7
       Distracted        |       |       |       |       |     2 ||     2
       Petrified         |       |       |       |       |     5 ||     5
Armor: Animal skin       |     6 |       |       |       |       ||     6
       Ring mail         |    24 |    16 |       |       |       ||    40
       Leather armour    |       |     7 |    93 |    98 |       ||   198
       Plate armour      |       |     6 |       |       |   552 ||   558
       Chain mail        |       |     1 |       |       |       ||     1
       Skin              |       |       |       |     1 |       ||     1
Dodge: Dodged            |    48 |    47 |   135 |   270 |   481 ||   981

Table legend: (Time is in decaauts)
 A = Elapsed time spent in this place.
 B = Non-inter-level travel time spent in this place.
 C = Inter-level travel time spent in this place.
 D = Time resting spent in this place.
 E = Time spent auto-exploring this place.
 F = Levels seen in this place.
 G = Mean time per level.
                   A        B        C        D        E       F      G
               +--------+--------+--------+--------+--------+-----+--------+
         Total |  29266 |  27567 |   1699 |   2022 |  19086 |  25 | 1170.6 |
       Dungeon |  20475 |  19191 |   1284 |   1635 |  13220 |  15 | 1365.0 |
        Temple |     66 |     60 |      6 |      0 |     53 |   1 |   66.0 |
          Lair |   7366 |   6967 |    399 |    387 |   5032 |   6 | 1227.7 |
  Orcish Mines |    919 |    910 |      9 |      0 |    633 |   2 |  459.5 |
       Volcano |    439 |    439 |      0 |      0 |    148 |   1 |  439.0 |
               +--------+--------+--------+--------+--------+-----+--------+

Top non-repeatable levels by time:
    D:10: 2330 daAuts
    D:14: 2236 daAuts
    D:12: 2142 daAuts
     D:9: 1670 daAuts
    D:13: 1654 daAuts
  Lair:4: 1508 daAuts
    D:11: 1390 daAuts
     D:7: 1370 daAuts
  Lair:6: 1302 daAuts
     D:8: 1294 daAuts
  Lair:2: 1266 daAuts
  Lair:3: 1191 daAuts
  Lair:1: 1184 daAuts
     D:2: 1124 daAuts
     D:5: 1012 daAuts
